 Dungeon Crawl Stone Soup version 0.17-a0-464-g85d6e2c (webtiles) character file.

388724 hhkb the Anointer (level 23, -2/188 HPs)
             Began as a Ghoul Gladiator on Apr 4, 2015.
             Was a High Priest of Okawaru.
             Slain by a deep troll earth mage (13 damage)
             ... on level 2 of the Depths on Apr 5, 2015.
             The game lasted 05:49:14 (66952 turns).

hhkb the Anointer (Ghoul Gladiator)                Turns: 66952, Time: 05:49:15

Health: -2/188     AC: 39    Str: 27    XL:     23   Next: 5%
Magic:  35/36      EV: 15    Int: 11    God:    Okawaru [*****.]
Gold:   1199       SH:  0    Dex:  8    Spells: 7 memorised, 21 levels left

rFire  + . .     SeeInvis .     b - +4 lajatang (pain)
rCold  + . .     Clarity  .     G - +9 plate armour {rF+}
rNeg   + + +     SustAb   .     (no shield)
rPois  ∞         Gourm    .     X - +2 helmet {Int+3}
rElec  .         Spirit   .     T - +2 cloak {MR+}
rCorr  +         Warding  .     B - +2 pair of gloves {Str+3}
rMut   .         Stasis   .     g - +1 pair of boots
MR     +++..                    x - amulet of resist corrosion {rCorr, !d}
Stlth  ..........               y - +5 ring of evasion
                                O - ring of the Seven Runes {rN+ MR+ Str+2 Dex-3}

@: very slightly contaminated, rotting, hasted, repel missiles, very quick,
extremely resistant to hostile enchantments, extremely unstealthy
A: rotting body, claws 1, carnivore 3, cold resistance 1, negative energy
resistance 3, slow healing 1, torment resistance, unbreathing
a: Heroism, Finesse, Renounce Religion
}: 2/15 runes: barnacled, gossamer


You were on level 2 of the Depths.
You worshipped Okawaru.
Okawaru was extremely pleased with you.
You were not hungry.

You visited 9 branches of the dungeon, and saw 47 of its levels.
You visited the Abyss 1 time.

You collected 4741 gold pieces.
You spent 3542 gold pieces at shops.

Inventory:

Hand weapons
 a - a +5 lajatang of slicing
   (You took it off Agnes on level 1 of the Spider Nest)
 b - a +4 lajatang of pain (weapon)
   (Okawaru gifted it to you on level 3 of the Spider Nest)
 F - a +0 blowgun
   (You took it off a kobold on level 6 of the Dungeon)
Missiles
 Q - 7 curare-tipped needles
Armour
 g - a +1 pair of boots (worn)
   (You found it on level 3 of the Depths)
 B - a +2 pair of gloves of strength (worn)
   (Okawaru gifted it to you on level 2 of the Shoals)
 G - a +9 plate armour of fire resistance (worn)
   (You took it off an orc warrior on level 4 of the Orcish Mines)
 T - a +2 cloak of magic resistance (worn)
   (You bought it in a shop on level 4 of the Orcish Mines)
 X - a +2 helmet of intelligence (worn)
   (You bought it in a shop on level 3 of the Orcish Mines)
Rods
 n - a +8 rod of destruction (17/17) {!a}
   (You found it on level 8 of the Lair of Beasts)
Jewellery
 h - an uncursed amulet of stasis {Stasis, !d}
   (You found it on level 5 of the Dungeon)
 i - an uncursed ring of sustain abilities {SustAb}
   (You found it on level 7 of the Lair of Beasts)
 o - an uncursed ring of teleport control {cTele, !d}
   (You took it off a yaktaur on level 2 of the Depths)
 x - an amulet of resist corrosion (around neck) {rCorr, !d}
   (You found it on level 2 of the Spider Nest)
 y - a +5 ring of evasion (right hand)
   (You found it on level 13 of the Dungeon)
 H - an uncursed ring of protection from cold {rC+, !d}
   (You found it on level 1 of the Spider Nest)
 M - the ring "Wiant" {Str+3 Int+4 SInv}
   (You took it off a vampire knight on level 2 of the Depths)

   [ring of see invisible]

   It affects your strength (+3).
   It affects your intelligence (+4).
   It enhances your eyesight.
 N - an uncursed amulet of the gourmand {unknown}
   (You found it on level 3 of the Depths)
 O - the ring of the Seven Runes (left hand) {rN+ MR+ Str+2 Dex-3}
   (You took it off a fire giant on level 2 of the Vaults)

   [ring of positive energy]

   It affects your strength (+2).
   It affects your dexterity (-3).
   It protects you from negative energy.
   It affects your resistance to hostile enchantments.
 Y - an uncursed ring of fire {rF+, rC-}
   (You found it on level 15 of the Dungeon)
Magical devices
 l - a wand of disintegration (8)
   (You found it on level 4 of the Lair of Beasts)
 q - a wand of heal wounds (0)
   (You took it off Norris on level 1 of the Vaults)
 t - a wand of invisibility (2)
   (You took it off Frances on level 2 of the Shoals)
 z - a wand of digging (15)
   (You bought it in a shop on level 1 of the Orcish Mines)
 A - a wand of disintegration (10)
   (You took it off a yaktaur on level 4 of the Vaults)
 D - a wand of digging (1)
   (You found it on level 1 of the Lair of Beasts)
 Z - a wand of hasting (0)
   (You took it off Donald on level 1 of the Spider Nest)
Scrolls
 j - 5 scrolls of fog
 k - 3 scrolls of immolation {!r}
 p - 3 scrolls of teleportation
 u - a scroll of summoning
 v - a scroll of fear
 w - 17 scrolls of remove curse
 J - 9 scrolls of magic mapping {!r}
 U - 4 scrolls of identify
 V - 2 scrolls of silence
Potions
 c - 2 potions of agility
 d - 9 potions of brilliance
 e - 4 potions of invisibility
 m - 7 potions of curing
 s - 4 potions of cancellation
 C - 7 potions of restore abilities
 I - a potion of resistance
 P - a potion of magic
Miscellaneous
 r - a sack of spiders {used: 4}
   (You found it on level 4 of the Shoals)
 R - a fan of gales (inert)
   (You found it on level 4 of the Lair of Beasts)
 S - a phial of floods
   (You found it on level 3 of the Spider Nest)
 W - a lamp of fire (inert)
   (You bought it in a shop on level 1 of the Orcish Mines)
Comestibles
 f - 13 meat rations {@e2}
 K - a chunk of flesh {@w0}


   Skills:
 - Level 12.0 Fighting
 - Level 14.0 Staves
 - Level 1.7 Throwing
 + Level 15.7 Armour
 - Level 8.0 Dodging
 - Level 10.3 Spellcasting
 + Level 18.7 Charms
 - Level 12.0 Necromancy
 - Level 8.4 Translocations
 - Level 6.0 Air Magic
 - Level 8.0 Invocations
 - Level 6.3 Evocations


You had 21 spell levels left.
You knew the following spells:

 Your Spells              Type           Power        Failure   Level  Hunger
b - Blink                 Tloc           N/A          3%          2    None
d - Repel Missiles        Chrm/Air       ####..       1%          2    None
h - Haste                 Chrm           #####...     8%          6    #######
r - Regeneration          Chrm/Necr      #####.....   1%          3    ##.....
s - Swiftness             Chrm/Air       ####....     1%          2    None
x - Vampiric Draining     Necr           ####......   1%          3    ##.....
F - Flight                Chrm/Air       ####......   1%          3    ##.....


Dungeon Overview and Level Annotations

Branches:
Dungeon (15/15)            Temple (1/1) D:6            Lair (8/8) D:11
 Shoals (5/5) Lair:3       Spider (5/5) Lair:4        Slime (0/6) Lair:7
    Orc (4/4) D:11            Elf (0/3) Orc:4        Vaults (4/5) D:13
  Crypt (2/3) Vaults:2     Depths (3/5) D:15

Altars:
Ashenzari
Cheibriados
Dithmenos
Elyvilon
Fedhas
Gozag
Kikubaaqudgha
Makhleb
Nemelex Xobeh
Okawaru
Qazlal
Ru
Sif Muna
Trog
Vehumet
Xom
Yredelemnul
Zin
The Shining One
Beogh

Shops:
D:5 [   D:12 ?   Orc:1 }   Orc:3 }*[   Orc:4 [([**   Shoals:2 }   Vaults:1 (
Vaults:2 :   Depths:2 %

Portals:
Hell: Lair:8 Depths:1 Depths:2 Depths:3
Abyss: Depths:2
Ziggurat: Depths:1

Annotations:
D:6 1 exclusion
D:7 kal9871's ghost, experienced TrFi
Lair:1 Sonja
Crypt:1 Mennas


Innate Abilities, Weirdness & Mutations

Your body is rotting away.
You thrive on raw meat.
You are immune to poison.
You have sharp fingernails.
You are carnivorous and can eat meat at any time.
Your flesh is cold resistant.
You are immune to negative energy.
You heal slowly when monsters are visible.
You are immune to unholy pain and torment.
You can survive without breathing.


Message History

The deep troll earth mage bites you.
The deep troll earth mage claws you but does no damage.
The deep troll earth mage barely misses you.
There is an open door here.
You take 3 damage, and have 71/188 hp.
A deep troll comes into view.
The deep troll shouts!
The deep troll earth mage bites you but does no damage.
The deep troll earth mage claws you but does no damage.
The deep troll earth mage misses you.
You see here a runed quarterstaff.
The deep troll earth mage bites you but does no damage.
The deep troll earth mage closely misses you.
The deep troll earth mage claws you but does no damage.
There is an open door here.
You see here a glowing chain mail.
The wight disappears in a puff of smoke!
The deep troll earth mage bites you! The deep troll earth mage claws you!
* * * LOW HITPOINT WARNING * * *
The deep troll earth mage closely misses you.
You take 25 damage, and have 47/188 hp.
The deep troll earth mage bites you but does no damage.
The deep troll earth mage claws you.
* * * LOW HITPOINT WARNING * * *
The deep troll earth mage claws you but does no damage.
Items here: )) [[ a chain mail; an enchanted battleaxe; a chain mail; an enchanted demon blade You take 1 damage, and have 46/188 hp.
Things that are here:
a plate armour; a demon trident of draining The deep troll earth mage casts a spell next to you.
Some rock shatters into small pieces.
Things that are here:
a poisoned bolt; a chain mail; a demon blade of flaming The deep troll earth mage misses you.
The deep troll earth mage completely misses you.
The deep troll earth mage claws you but does no damage.
There is a stone staircase leading up here.
The deep troll earth mage bites you.
* * * LOW HITPOINT WARNING * * *
The deep troll earth mage claws you but does no damage. x2
The deep troll earth mage barely misses you.
The deep troll earth mage closely misses you.
The deep troll earth mage claws you but does no damage.
You climb upwards.
There is a stone staircase leading down here.
You take 5 damage, and have 42/188 hp.
A searing pain shoots up your arm!
b - a +4 lajatang of pain (weapon)
The deep troll earth mage closely misses you.
The deep troll earth mage claws you.
* * * LOW HITPOINT WARNING * * *
The deep troll earth mage misses you.
You take 4 damage, and have 38/188 hp.
You completely miss the deep troll earth mage.
The deep troll earth mage bites you but does no damage.
The deep troll earth mage claws you but does no damage. x2
You closely miss the deep troll earth mage.
The deep troll earth mage misses you. The deep troll earth mage claws you!
* * * LOW HITPOINT WARNING * * *
The deep troll earth mage misses you.
You take 10 damage, and have 28/188 hp.
Drink which item? (? for menu, Esc to quit)
Okay, then.
Unknown command.
You blink.
You now have 34/36 mp.
Drink which item? (? for menu, Esc to quit)
Okay, then.
Okay, then.
Unknown command.
Read which item? (? for menu, Esc to quit)
Okay, then.
Unknown command.
Okay, then.
Unknown command.
You feel yourself speed up.
You are very lightly contaminated with residual magic.
This wand has 0 charges left.
The deep troll earth mage bites you but does no damage.
The deep troll earth mage claws you but does no damage.
The deep troll earth mage closely misses you.
Drink which item? (? for menu, Esc to quit)
Okay, then.
Eat one of 2 chunks of flesh {@w0}? (ye/n/q/i?) This raw flesh tastes great!
The deep troll earth mage bites you but does no damage.
The deep troll earth mage claws you!
* * * LOW HITPOINT WARNING * * *
The deep troll earth mage claws you but does no damage.
You continue eating.
The deep troll earth mage is no longer moving quickly.
The deep troll earth mage bites you but does no damage.
The deep troll earth mage claws you!
* * * LOW HITPOINT WARNING * * *
The deep troll earth mage claws you!
* * * LOW HITPOINT WARNING * * *
You continue eating.
The deep troll earth mage bites you!
You die...

..(....####.#.##(#####.######(###
...........................(..)()
.......####.#..#.##############(#
.######([........# #......(..(.(
## #...........# #(#.#.#.#.#.#
#...........####............
#..[...........#.#..........
#...........##.#............
#..........@##.#.#..........
#..........T...#......######
#....#.#.#..####.#....#.....
######.#.#..# #......#.#...
#.#.##># #.#....#..[.. #.#.####
#......#..(.[ #.#.# #.#....#...[(
#.#.# #......#.#... #.#.#
#.#....#.....


You could see a deep troll earth mage.

Vanquished Creatures
  Norris (Vaults:1)
  2 caustic shrikes (Depths:3)
  Nikola (Spider:2)
  Arachne (Spider:2)
  Jorgrun (Shoals:2)
  A deep elf blademaster (Depths:1)
  Polyphemus (Shoals:5)
  3 krakens
  Agnes (Spider:1)
  2 sphinxes
  Frances (Shoals:2)
  A shadow dragon (Vaults:1)
  Kirke (D:15)
  2 tengu reavers
  Roxanne (Spider:4)
  A revenant (Crypt:1)
  Ilsuiw (Shoals:5)
  Donald (Spider:1)
  6 frost giants
  4 fire giants
  9 vault wardens
  An orc warlord (Orc:4)
  An iron dragon (Depths:2)
  Aizul (Spider:1)
  5 ghost moths
  4 emperor scorpions
  11 ironheart preservers
  4 vampire knights
  5 very ugly things
  14 stone giants
  A dire elephant (Lair:8)
  An eidolon (Vaults:2)
  3 ettins
  4 jiangshi
  4 merfolk javelineers
  9 merfolk impalers
  A deep elf death mage (Vaults:3)
  13 yaktaur captains
  6 rakshasas
  2 vault guards (Vaults:4)
  Josephine (D:14)
  7 fire dragons
  7 hydras
  2 great orbs of eyes
  9 ice dragons
  A quicksilver dragon skeleton (Depths:2)
  3 entropy weavers
  14 ogre magi
  A spriggan air mage (Depths:3)
  A catoblepas (Shoals:5)
  5 merfolk avatars
  14 centaur warriors
  An alligator snapping turtle (Shoals:4)
  4 merfolk aquamancers
  5 death yaks
  11 deep troll shamans
  4 salamander stormcallers
  2 satyrs
  6 hell knights (Depths:3)
  3 tengu warriors
  6 deep troll earth magi
  A storm dragon zombie (Vaults:4)
  2 vampire magi
  A fire crab (Vaults:4)
  4 deep elf knights
  A sun demon (Abyss:1)
  2 unseen horrors (shapeshifter) (Depths:2)
  4 unseen horrors
  A phantasmal warrior (Crypt:1)
  4 iron trolls
  A flayed ghost (Depths:3)
  A harpy (shapeshifter) (Depths:1)
  An ice devil (Vaults:4)
  A lindwurm (D:15)
  2 shadow wraiths
  7 hill giants
  6 wizards
  9 sea snakes
  17 deep trolls
  3 giant orange brains
  A wolf spider zombie (D:14)
  3 necromancers
  4 orc sorcerers
  13 harpies
  16 orc knights
  2 deep elf conjurers (Vaults:4)
  An iron dragon zombie (Vaults:4)
  9 hornets
  11 ironbrand convokers
  14 manticores
  A fire giant zombie (Vaults:2)
  29 wolf spiders
  10 griffons
  43 ugly things
  4 human zombies
  7 black mambas
  9 cyclopes
  A cyclops (shapeshifter) (Vaults:4)
  17 orb spiders
  2 sixfirhies
  A sphinx skeleton (Vaults:4)
  6 water nymphs
  A guardian serpent (D:13)
  7 elephants
  A faun (Shoals:5)
  9 vault sentinels
  13 sirens
  2 moths of wrath
  2 drowned souls
  A black mamba (shapeshifter) (Vaults:1)
  A torpor snail (Spider:1)
  A smoke demon (Lair:8)
  14 spiny frogs
  2 gargoyles
  A hellwing (Lair:8)
  73 yaktaurs
  A kobold demonologist (Vaults:1)
  6 komodo dragons
  A fire drake (shapeshifter) (Vaults:2)
  4 blue devils (Lair:8)
  2 fire drakes (Lair:8)
  6 deep elf priests
  3 freezing wraiths (Vaults:4)
  2 tengu conjurers
  6 demonic crawlers
  A wandering mushroom (Lair:8)
  40 merfolk
  3 red devils (Lair:8)
  5 wind drakes
  A polar bear (Lair:6)
  27 jumping spiders
  29 two-headed ogres
  9 ravens
  A jumping spider (shapeshifter) (Vaults:1)
  9 snapping turtles
  11 trolls
  5 boulder beetles
  18 slime creatures
  A tarantella (shapeshifter) (D:14)
  2 ravens (shapeshifter)
  A fire giant simulacrum (Vaults:1)
  12 blink frogs
  A flying skull (Vaults:2)
  6 wraiths
  16 trapdoor spiders
  A spriggan skeleton (Depths:2)
  A fire dragon skeleton (Crypt:1)
  A trapdoor spider zombie (D:13)
  A vampire (D:15)
  A hog (shapeshifter) (Depths:1)
  3 air elementals
  7 deep elf fighters
  5 basilisks
  20 water elementals
  23 tarantellas
  4 large abominations (Depths:2)
  48 redbacks
  2 chaos spawn (Depths:2)
  4 hogs (D:15)
  2 shadows
  7 deep elf magi
  4 wyverns
  A golden eye (shapeshifter) (Vaults:2)
  51 yaks
  4 mottled dragons
  19 hippogriffs
  A human (D:7)
  2 hungry ghosts (D:8)
  11 wolves
  4 wargs
  23 water moccasins
  15 vampire mosquitoes
  16 porcupines
  2 hell hounds (Lair:8)
  Duvessa (D:5)
  A deep troll skeleton (Crypt:1)
  46 orc warriors
  An elf zombie (Vaults:2)
  17 spiders
  3 ice beasts
  4 sky beasts
  2 wasps
  An eye of draining (Lair:7)
  63 ogres
  A phantom (D:5)
  A necrophage (D:9)
  A boring beetle (Lair:1)
  A boring beetle (shapeshifter) (D:13)
  20 centaurs
  20 crocodiles
  A komodo dragon zombie (Crypt:1)
  Blork the orc (D:5)
  11 small abominations
  3 big kobolds
  17 giant frogs
  A vine stalker skeleton (Crypt:1)
  A wyvern zombie (D:12)
  Dowan (D:5)
  5 scorpions
  22 killer bees
  3 electric eels
  A goliath beetle (shapeshifter) (Vaults:4)
  12 wights
  A wasp zombie (D:6)
  4 goliath beetles
  2 quasits
  7 crimson imps
  2 jellies
  25 orc priests
  33 orc wizards
  20 hounds
  3 giant frog zombies
  5 centaur skeletons
  4 iguanas
  Natasha (thrice) (D:3)
  14 worker ants
  A killer bee zombie (D:6)
  22 sheep
  A hound zombie (D:6)
  2 hound skeletons
  2 mummies
  A worker ant zombie (D:9)
  5 gnolls
  36 adders
  40 river rats
  A removed MONS_GIANT_MITE (D:3)
  A ghost (D:9)
  2 shadow imps
  An ufetubus (Abyss:1)
  2 worms
  2 adder skeletons
  2 giant geckos (D:4)
  3 oozes
  192 orcs
  10 bats
  A bat skeleton (D:7)
  3 giant cockroaches
  26 hobgoblins
  14 jackals
  4 ball pythons
  5 giant newts
  32 goblins
  2 goblin skeletons (D:5)
  3 hobgoblin zombies (D:5)
  2 jackal skeletons (D:8)
  32 kobolds
  2 kobold zombies (D:5)
  An orc skeleton (D:5)
  3 orc zombies
  16 quokkas
  A quokka zombie (D:6)
  29 rats
  A ballistomycete (D:6)
  3 fungi
  4 plants
  6 tentacles
2052 creatures vanquished.

Vanquished Creatures (collateral kills)
  A vampire knight (Vaults:2)
  Snorg (Lair:8)
  A merfolk impaler (Shoals:5)
  A hydra (Lair:8)
  A sea snake (Shoals:5)
  2 fauns (Shoals:5)
  An orc knight (Orc:4)
  2 griffons (Vaults:2)
  2 sirens (Shoals:3)
  2 vault sentinels
  2 water elementals
  3 merfolk (Shoals:5)
  A jumping spider (Spider:3)
  2 tarantellas (Spider:3)
  A redback (Spider:3)
  2 spiders (Spider:3)
  An ogre (Vaults:4)
  A scorpion (Spider:3)
  3 orcs (Orc:4)
  A goblin (Orc:4)
31 creatures vanquished.

Vanquished Creatures (others)
  A sphinx (Vaults:4)
  2 ogre magi
  15 drowned souls
  A fire drake (Lair:7)
  6 air elementals
  7 water elementals
  A two-headed ogre (Vaults:4)
  A fire elemental (Depths:3)
  4 fire vortices
  5 blink frogs (Lair:7)
  3 trapdoor spiders (Shoals:5)
  A deep elf fighter (Vaults:3)
  3 redbacks (Spider:2)
  A basilisk (Lair:7)
  A human (D:15)
  A water moccasin (Lair:7)
  8 spiders
  An ogre (Vaults:4)
  A lost soul (Crypt:1)
  A scorpion (Depths:3)
  An orc priest (Vaults:4)
  An orc wizard (D:9)
  2 adders (Lair:7)
  2 giant spores
  4 fungi
  9 plants
  36 tentacles
  1087 tentacle segments
1206 creatures vanquished.

Grand Total: 3289 creatures vanquished

Notes
Turn   | Place    | Note
--------------------------------------------------------------
     0 | D:1      | hhkb, the Ghoul Gladiator, began the quest for the Orb.
     0 | D:1      | Reached XP level 1. HP: 17/17 MP: 0/0
   193 | D:1      | Reached skill level 3 in Staves
   201 | D:1      | Reached XP level 2. HP: 11/24 MP: 1/1
  1121 | D:2      | Reached XP level 3. HP: 26/29 MP: 2/2
  1227 | D:2      | Found an iron altar of Okawaru.
  1250 | D:2      | Reached skill level 4 in Staves
  1352 | D:2      | HP: 6/28 [giant cockroach (2)]
  1420 | D:2      | Reached XP level 4. HP: 29/36 MP: 3/3
  1760 | D:2      | You fall through a shaft for 2 floors!
  2172 | D:4      | Reached skill level 5 in Staves
  2172 | D:4      | Reached XP level 5. HP: 39/41 MP: 4/4
  2682 | D:4      | Reached XP level 6. HP: 30/48 MP: 5/5
  2729 | D:3      | Reached skill level 6 in Staves
  3066 | D:3      | Noticed Natasha
  3076 | D:3      | Killed Natasha
  3098 | D:3      | Noticed Natasha
  3102 | D:3      | Killed Natasha
  3233 | D:3      | Noticed Natasha
  3236 | D:3      | Killed Natasha
  3953 | D:5      | Entered Level 5 of the Dungeon
  4117 | D:5      | Found Waipt's Antique Armour Shop.
  4139 | D:5      | Bought an embroidered cloak for 117 gold pieces
  4196 | D:5      | Reached skill level 7 in Staves
  4196 | D:5      | Reached XP level 7. HP: 36/55 MP: 6/6
  4568 | D:5      | Found a glowing golden altar of the Shining One.
  4709 | D:5      | Reached skill level 8 in Staves
  4753 | D:5      | Found a shimmering altar of Xom.
  4753 | D:5      | Found a shimmering altar of Xom.
  4753 | D:5      | Found a shimmering altar of Xom.
  4764 | D:5      | Found a shimmering altar of Xom.
  4765 | D:5      | Found a shimmering altar of Xom.
  4768 | D:5      | Found a shimmering altar of Xom.
  4768 | D:5      | Found a shimmering altar of Xom.
  4803 | D:5      | Noticed Blork the orc
  4823 | D:5      | Killed Blork the orc
  4898 | D:5      | Reached XP level 8. HP: 55/61 MP: 7/7
  4926 | D:5      | Noticed Dowan
  4929 | D:5      | Noticed Duvessa
  4967 | D:5      | Killed Duvessa
  5214 | D:5      | Killed Dowan
  5214 | D:5      | Reached skill level 9 in Staves
  5591 | D:6      | Found a staircase to the Ecumenical Temple.
  5651 | Temple   | Entered the Ecumenical Temple
  6045 | D:2      | Became a worshipper of Warmaster Okawaru
  6193 | D:6      | Found a stormy altar of Qazlal.
  6214 | D:6      | Found a burning altar of Makhleb.
  6274 | D:6      | HP: 11/61 [centaur (5)]
  6678 | D:6      | Found a basalt altar of Yredelemnul.
  6690 | D:6      | Reached skill level 10 in Staves
  6930 | D:5      | Reached skill level 3 in Dodging
  7502 | D:6      | Reached XP level 9. HP: 67/67 MP: 8/8
  7530 | D:6      | Found a deep blue altar of Sif Muna.
  7684 | D:6      | Found a snail-covered altar of Cheibriados.
  7685 | D:6      | Found a glowing silver altar of Zin.
  7692 | D:6      | Reached skill level 1 in Armour
  7692 | D:6      | Reached skill level 4 in Dodging
  7749 | D:6      | Acquired Okawaru's first power
  7851 | D:6      | HP: 16/67 [killer bee (5)]
  7877 | D:6      | Reached skill level 2 in Armour
  7889 | D:6      | HP: 16/67 [killer bee (1)]
  7892 | D:6      | HP: 7/67 [killer bee (6)]
  8062 | D:7      | HP: 12/67 [hippogriff (5)]
  8064 | D:7      | HP: 4/67 [killer bee (4)]
  8070 | D:7      | HP: 10/67 [killer bee (2)]
  8075 | D:6      | HP: 7/67 [killer bee (4)]
  8080 | D:6      | HP: 9/67 [killer bee (1)]
  8086 | D:6      | HP: 15/67 [killer bee (5)]
  8096 | D:6      | HP: 13/67 [killer bee (3)]
  8103 | D:6      | HP: 12/67 [hippogriff (1)]
  8105 | D:6      | HP: 5/67 [hippogriff (7)]
  8323 | D:7      | Reached skill level 3 in Armour
  8338 | D:7      | Reached skill level 5 in Dodging
  8591 | D:7      | HP: 14/67 [acid (7)]
  8695 | D:7      | Reached skill level 4 in Armour
  9042 | D:7      | Noticed kal9871's ghost (experienced TrFi)
  9115 | D:7      | HP: 13/67 [goliath beetle (17)]
  9381 | D:7      | Found a sparkling altar of Nemelex Xobeh.
  9769 | D:7      | Reached skill level 5 in Armour
  9795 | D:7      | Found a sparkling altar of Nemelex Xobeh.
 10087 | D:7      | HP: 1/66 [kal9871's ghost (18)]
 10093 | D:6      | HP: 9/67 [killer bee (4)]
 10096 | D:6      | HP: 3/67 [killer bee (2)]
 10162 | D:6      | Reached skill level 6 in Armour
 10175 | D:6      | HP: 15/67 [killer bee (4)]
 10538 | D:8      | Reached XP level 10. HP: 70/72 MP: 9/9
 10834 | D:8      | Noticed a cyan ugly thing
 11318 | D:8      | Reached skill level 11 in Staves
 11647 | D:9      | Upgraded the game from 0.17-a0-435-gc4df345 to 0.17-a0-464-g85d6e2c
 12469 | D:9      | Reached skill level 12 in Staves
 12502 | D:9      | Found a shattered altar of Ashenzari.
 12863 | D:10     | Entered Level 10 of the Dungeon
 13623 | D:11     | Noticed an unseen horror
 13638 | D:11     | Found a staircase to the Lair.
 13639 | D:11     | Killed an unseen horror
 13639 | D:11     | Reached XP level 11. HP: 46/76 MP: 10/10
 13878 | D:11     | Reached skill level 13 in Staves
 14024 | Lair:1   | Entered Level 1 of the Lair of Beasts
 14216 | Lair:1   | Noticed a five-headed hydra
 14233 | Lair:1   | Killed a five-headed hydra
 14949 | Lair:1   | Acquired Okawaru's second power
 15150 | Lair:1   | Reached skill level 14 in Staves
 15752 | Lair:1   | Reached skill level 7 in Armour
 15841 | Lair:1   | Noticed Sonja
 16553 | Lair:2   | Reached skill level 8 in Armour
 16686 | Lair:2   | Reached skill level 3 in Fighting
 16703 | Lair:2   | Reached XP level 12. HP: 59/89 MP: 11/11
 16855 | Lair:2   | Received a gift from Okawaru
 16889 | Lair:2   | Reached skill level 4 in Fighting
 17491 | Lair:2   | Reached skill level 5 in Fighting
 17491 | Lair:2   | Reached skill level 9 in Armour
 17640 | Lair:2   | Reached skill level 1 in Invocations
 17829 | Lair:3   | Reached skill level 2 in Invocations
 17896 | Lair:3   | Reached skill level 3 in Invocations
 18161 | Lair:3   | Reached skill level 4 in Invocations
 18861 | Lair:3   | Found a staircase to the Shoals.
 18913 | Lair:3   | Reached skill level 5 in Invocations
 19017 | Lair:3   | Reached skill level 10 in Armour
 20122 | Lair:4   | Found a hole to the Spider Nest.
 20130 | Lair:4   | Reached skill level 6 in Invocations
 20172 | Lair:4   | Received a gift from Okawaru
 20802 | Lair:4   | Noticed a six-headed hydra
 20811 | Lair:4   | Killed a six-headed hydra
 20811 | Lair:4   | Received a gift from Okawaru
 20878 | Lair:4   | Reached XP level 13. HP: 97/100 MP: 17/17
 20961 | Lair:5   | Reached skill level 7 in Invocations
 21593 | Lair:5   | Reached skill level 8 in Invocations
 21692 | Lair:5   | HP: 24/101 [12-headed hydra (6)]
 22191 | Lair:6   | Reached skill level 6 in Fighting
 22478 | Lair:6   | Reached skill level 7 in Fighting
 22622 | Lair:6   | Received a gift from Okawaru
 22625 | Lair:6   | Got a steaming hat {god gift}
 22636 | Lair:6   | Identified the +1 hat of Brilliance {rN+ Str+3 Dex-2 Stlth+} (Okawaru gifted it to you on level 6 of the Lair of Beasts)
 22774 | Lair:6   | Reached skill level 8 in Fighting
 23021 | Lair:6   | Reached skill level 9 in Fighting
 23829 | Lair:6   | Reached skill level 10 in Fighting
 23966 | Lair:7   | Found a staircase to the Slime Pits.
 24055 | Lair:7   | HP: 26/114 [blink frog (13)]
 24124 | Lair:7   | Reached skill level 11 in Armour
 24594 | Lair:7   | Reached XP level 14. HP: 107/122 MP: 19/19
 24717 | Lair:7   | Reached skill level 12 in Armour
 24991 | Lair:7   | Received a gift from Okawaru
 25191 | Lair:8   | Entered Level 8 of the Lair of Beasts
 25763 | Lair:8   | Noticed Snorg
 25972 | Lair:8   | Killed Snorg
 26215 | Lair:8   | Found a burning altar of Makhleb.
 26298 | Lair:8   | Reached skill level 13 in Armour
 26690 | Lair:8   | Found a gateway to Hell.
 26703 | Lair:8   | Identified a +5 rod of destruction (14/14) (You found it on level 8 of the Lair of Beasts)
 27147 | Lair:8   | Received a gift from Okawaru
 27150 | Lair:8   | Got a fine plate armour {god gift}
 27325 | Lair:8   | Identified the +4 plate armour "Tihock" {rPois} (Okawaru gifted it to you on level 8 of the Lair of Beasts)
 27915 | D:11     | Noticed a purple ugly thing
 27928 | D:11     | Killed a purple ugly thing
 28108 | D:11     | Found a staircase to the Orcish Mines.
 28150 | D:11     | Noticed a hill giant
 28164 | D:11     | Killed a hill giant
 28416 | D:11     | Identified a -2 rod of destruction (12/12) (You found it on level 11 of the Dungeon)
 28803 | D:12     | Reached skill level 1 in Evocations
 29074 | D:12     | Found Zopump's Magic Scroll Emporium.
 29077 | D:12     | Bought a scroll of enchant weapon for 97 gold pieces
 29077 | D:12     | Bought a scroll of remove curse for 39 gold pieces
 29077 | D:12     | Bought a scroll of identify for 26 gold pieces
 29077 | D:12     | Bought a scroll of identify for 26 gold pieces
 29077 | D:12     | Bought a scroll of identify for 26 gold pieces
 29077 | D:12     | Bought a scroll of identify for 26 gold pieces
 29077 | D:12     | Bought a scroll of summoning for 123 gold pieces
 29077 | D:12     | Bought a scroll of remove curse for 39 gold pieces
 29203 | Orc:1    | Entered Level 1 of the Orcish Mines
 29413 | Orc:2    | Reached skill level 2 in Evocations
 29541 | Orc:2    | Reached skill level 14 in Armour
 29847 | Orc:3    | Found Radghuv's Armour Emporium.
 29847 | Orc:3    | Found Hibue's Assorted Antiques.
 29876 | Orc:3    | Bought a scroll of identify for 60 gold pieces
 29876 | Orc:3    | Bought a sedimented inky potion for 27 gold pieces
 29876 | Orc:3    | Bought a scroll of identify for 60 gold pieces
 29876 | Orc:3    | Bought a scroll of teleportation for 90 gold pieces
 29876 | Orc:3    | Bought a scroll of teleportation for 90 gold pieces
 29876 | Orc:3    | Bought a scroll of fog for 60 gold pieces
 29876 | Orc:3    | Bought a glowing helmet for 135 gold pieces
 29978 | Orc:3    | Found Pydeblick's Gadget Shop.
 30010 | Orc:3    | Bought a +2 pair of gloves for 165 gold pieces
 30123 | Orc:1    | Found Gatip's Gadget Shop.
 30535 | Orc:4    | Entered Level 4 of the Orcish Mines
 30552 | Orc:4    | Reached skill level 3 in Evocations
 30635 | Orc:4    | Found Uxtiozor's Armour Shop.
 30916 | Orc:4    | Reached skill level 4 in Evocations
 31120 | Orc:4    | Noticed an orc warlord
 31170 | Orc:4    | Killed an orc warlord
 31170 | Orc:4    | Reached skill level 5 in Evocations
 31170 | Orc:4    | Reached XP level 15. HP: 53/128 MP: 8/20
 31215 | Orc:4    | Found a roughly hewn altar of Beogh.
 31216 | Orc:4    | Found Odeitea's Antique Armour Emporium.
 31229 | Orc:4    | Found Paukhluk's Antique Weapon Shoppe.
 31346 | Orc:4    | Found a roughly hewn altar of Beogh.
 31571 | Orc:4    | Learned a level 3 spell: Regeneration
 31578 | Orc:4    | Learned a level 6 spell: Haste
 31619 | Orc:4    | Found a roughly hewn altar of Beogh.
 31645 | Orc:4    | Found Sotu's General Store.
 31750 | Orc:4    | Reached skill level 1 in Charms
 31750 | Orc:4    | Reached skill level 6 in Evocations
 31872 | Orc:4    | Found Beklus's General Store.
 31957 | Orc:4    | Cast into the Abyss (orc warrior)
 32006 | Abyss:1  | Reached skill level 2 in Charms
 32033 | Abyss:1  | HP: 32/128 [raiju/living lightning (4)]
 32123 | Abyss:1  | Found a corrupted altar of Lugonu.
 32144 | Orc:4    | Escaped the Abyss
 32290 | Orc:4    | Found a staircase to the Elven Halls.
 32295 | Orc:4    | Found a roughly hewn altar of Beogh.
 32348 | Orc:4    | Found a roughly hewn altar of Beogh.
 32460 | Orc:4    | Found a roughly hewn altar of Beogh.
 32584 | Orc:4    | Bought a potion of experience for 650 gold pieces
 32584 | Orc:4    | Reached skill level 4 in Charms
 32584 | Orc:4    | Reached skill level 3 in Necromancy
 32584 | Orc:4    | Reached XP level 16. HP: 135/135 MP: 21/21
 32641 | Orc:4    | Bought a potion of cancellation for 120 gold pieces
 32641 | Orc:4    | Bought a scroll of enchant weapon for 112 gold pieces
 32641 | Orc:4    | Bought 2 potions of heal wounds for 150 gold pieces
 32706 | Orc:4    | Bought an embroidered cloak for 130 gold pieces
 32706 | Orc:4    | Bought an embroidered cloak for 130 gold pieces
 32782 | Orc:4    | Bought a potion of curing for 39 gold pieces
 32782 | Orc:4    | Bought a scroll of magic mapping for 45 gold pieces
 32950 | D:13     | Reached skill level 4 in Necromancy
 33119 | D:13     | Found a gate to the Vaults.
 33206 | D:13     | Reached skill level 5 in Charms
 33546 | D:13     | Received a gift from Okawaru
 33546 | D:13     | Reached skill level 5 in Necromancy
 34620 | D:14     | Reached skill level 6 in Charms
 34914 | D:14     | Found a blossoming altar of Fedhas.
 35227 | D:14     | Noticed Josephine
 35254 | D:14     | Killed Josephine
 35254 | D:14     | Reached skill level 6 in Necromancy
 35467 | D:15     | Entered Level 15 of the Dungeon
 35606 | D:15     | Reached skill level 7 in Charms
 35722 | D:15     | Reached skill level 7 in Necromancy
 35732 | D:15     | Received a gift from Okawaru
 35736 | D:15     | Got a shimmering buckler {god gift}
 35741 | D:15     | Identified the +0 buckler of Death Resistance {+Blink rC+ Stlth+} (Okawaru gifted it to you on level 15 of the Dungeon)
 36812 | D:15     | Reached skill level 8 in Necromancy
 36828 | D:15     | Reached skill level 8 in Charms
 36831 | D:15     | Noticed Kirke
 36869 | D:15     | Killed Kirke
 37292 | D:15     | Found a staircase to the Depths.
 37570 | Lair:1   | Reached XP level 17. HP: 141/141 MP: 22/22
 37668 | Spider:1 | Entered Level 1 of the Spider Nest
 37773 | Spider:1 | Reached skill level 1 in Spellcasting
 37809 | Spider:1 | Noticed Agnes
 37835 | Spider:1 | Killed Agnes
 37835 | Spider:1 | Reached skill level 9 in Necromancy
 37933 | Spider:1 | Reached skill level 2 in Spellcasting
 37997 | Spider:1 | Noticed Aizul
 37997 | Spider:1 | Reached skill level 9 in Charms
 38041 | Spider:1 | Killed Aizul
 38207 | Spider:1 | Noticed Donald
 38230 | Spider:1 | Killed Donald
 38230 | Spider:1 | Reached skill level 3 in Spellcasting
 39267 | Spider:2 | Noticed Arachne
 39295 | Spider:2 | Killed Arachne
 39295 | Spider:2 | Reached skill level 4 in Spellcasting
 39795 | Spider:2 | Noticed Nikola
 39850 | Spider:2 | Killed Nikola
 40681 | Spider:3 | Reached skill level 15 in Armour
 40852 | Spider:3 | Reached skill level 11 in Fighting
 40917 | Spider:3 | Received a gift from Okawaru
 41328 | Spider:3 | Was placed under penance by Okawaru
 41819 | Spider:4 | Learned a level 2 spell: Repel Missiles
 41822 | Spider:4 | Learned a level 2 spell: Swiftness
 41826 | Spider:4 | Learned a level 3 spell: Flight
 41905 | Spider:4 | Reached skill level 10 in Necromancy
 42005 | Spider:4 | Was forgiven by Okawaru
 42040 | Spider:4 | Noticed Roxanne
 42079 | Spider:4 | Killed Roxanne
 42085 | Spider:4 | Identified Roxanne's Handbook of Transformation (You took it off Roxanne on level 4 of the Spider Nest)
 42691 | Spider:5 | Entered Level 5 of the Spider Nest
 42848 | Spider:5 | Reached skill level 6 in Dodging
 43371 | Spider:5 | Reached XP level 18. HP: 125/154 MP: 23/23
 43519 | Spider:5 | Reached skill level 12 in Fighting
 43741 | Spider:5 | Received a gift from Okawaru
 43820 | Spider:5 | Reached skill level 7 in Dodging
 44470 | Spider:5 | Reached skill level 8 in Dodging
 44533 | Spider:5 | Reached skill level 1 in Air Magic
 44610 | Spider:5 | Reached skill level 2 in Air Magic
 44669 | Spider:5 | Got a gossamer rune of Zot
 44755 | Spider:5 | Reached skill level 3 in Air Magic
 44779 | Spider:5 | HP: 30/152 [emperor scorpion (18)]
 44786 | Spider:5 | HP: 38/154 [emperor scorpion (8)]
 44826 | Spider:5 | HP: 35/154 [emperor scorpion (8)]
 45008 | Spider:5 | Reached skill level 4 in Air Magic
 45282 | Shoals:1 | Entered Level 1 of the Shoals
 45530 | Spider:1 | Learned a level 3 spell: Vampiric Draining
 45793 | Shoals:1 | Reached skill level 5 in Air Magic
 46565 | Shoals:2 | Noticed Frances
 46593 | Shoals:2 | Killed Frances
 46758 | Shoals:2 | Reached skill level 6 in Air Magic
 46766 | Shoals:2 | HP: 34/153 [merfolk/trident (8)]
 47013 | Shoals:2 | Noticed Jorgrun
 47039 | Shoals:2 | Killed Jorgrun
 47101 | Shoals:2 | Reached skill level 10 in Charms
 47144 | Shoals:2 | Found Vorcheqe's Gadget Shop.
 47410 | Shoals:2 | Received a gift from Okawaru
 48030 | Shoals:3 | Learned a level 2 spell: Blink
 48104 | Shoals:3 | Reached skill level 1 in Translocations
 48198 | Shoals:3 | Got a slimy robe
 48199 | Shoals:3 | Identified the +2 robe "Finon" {Int+7} (You found it on level 3 of the Shoals)
 48293 | Shoals:3 | Reached skill level 2 in Translocations
 48640 | Shoals:4 | HP: 31/154 [harpy (12)]
 48656 | Shoals:4 | HP: 37/154 [harpy (7)]
 48661 | Shoals:4 | Reached skill level 3 in Translocations
 48819 | Shoals:4 | Reached XP level 19. HP: 143/160 MP: 24/24
 48998 | Shoals:4 | Reached skill level 4 in Translocations
 49427 | Shoals:4 | Reached skill level 5 in Translocations
 49527 | Shoals:5 | Entered Level 5 of the Shoals
 49688 | Shoals:5 | Reached skill level 6 in Translocations
 49850 | Shoals:5 | Noticed Ilsuiw
 49927 | Shoals:5 | Killed Ilsuiw
 49948 | Shoals:5 | Noticed Polyphemus
 49949 | Shoals:5 | Reached skill level 7 in Translocations
 49991 | Shoals:5 | Killed Polyphemus
 50041 | Shoals:5 | Received a gift from Okawaru
 50182 | Shoals:5 | Reached skill level 8 in Translocations
 50964 | Shoals:5 | Reached skill level 11 in Necromancy
 51014 | Shoals:5 | Got a barnacled rune of Zot
 51348 | Orc:1    | Bought a wand of digging (16) for 480 gold pieces
 51348 | Orc:1    | Bought a lamp of fire for 480 gold pieces
 51449 | Vaults:1 | Entered Level 1 of the Vaults
 51449 | Vaults:1 | Noticed Norris
 51476 | Vaults:1 | Paralysed by Norris for 6 turns
 51485 | Vaults:1 | Killed Norris
 51661 | Vaults:1 | Reached skill level 12 in Necromancy
 51882 | Vaults:1 | Reached skill level 11 in Charms
 52133 | Vaults:1 | HP: 39/159 [deep troll[an ironheart preserver] (2)]
 52184 | Vaults:1 | Found Pameinen's Antique Weapon Shop.
 52304 | Vaults:1 | Received a gift from Okawaru
 52305 | Vaults:1 | Got an ancient cloak {god gift}
 52317 | Vaults:1 | Identified the +0 cloak "Doca" {+Fly rF- rN+ Slay+3} (Okawaru gifted it to you on level 1 of the Vaults)
 52606 | Vaults:1 | Reached XP level 20. HP: 168/168 MP: 25/25
 52736 | Vaults:1 | Reached skill level 12 in Charms
 53725 | Vaults:2 | Reached skill level 13 in Charms
 54037 | Vaults:2 | Got a serpentine jade ring
 54058 | Vaults:2 | Reached skill level 5 in Spellcasting
 54122 | Vaults:2 | Identified the ring of the Seven Runes {rN+ MR+ Str+2 Dex-3} (You took it off a fire giant on level 2 of the Vaults)
 54169 | Vaults:2 | Received a gift from Okawaru
 54488 | Vaults:2 | Received a gift from Okawaru
 54495 | Vaults:2 | Found a staircase to the Crypt.
 54505 | Crypt:1  | Entered Level 1 of the Crypt
 54746 | Crypt:1  | HP: 38/168 [revenant (13)]
 54895 | Crypt:1  | Noticed Mennas
 55446 | Vaults:2 | Reached skill level 6 in Spellcasting
 55907 | Vaults:2 | Found Yckecheo's Book Shop.
 56035 | Vaults:2 | Reached skill level 14 in Charms
 56758 | Vaults:3 | HP: 30/167 [frost giant/bolt of cold (21)]
 57973 | Vaults:3 | Reached XP level 21. HP: 161/174 MP: 29/29
 58016 | Vaults:3 | Received a gift from Okawaru
 58147 | Vaults:3 | Reached skill level 15 in Charms
 58239 | Vaults:3 | HP: 43/174 [deep troll[an ironheart preserver] (5)]
 58246 | Vaults:3 | HP: 28/174 [deep troll[an ironheart preserver] (10)]
 58248 | Vaults:3 | Reached skill level 7 in Spellcasting
 58879 | Vaults:4 | Received a gift from Okawaru
 59020 | Vaults:4 | Reached skill level 8 in Spellcasting
 59535 | Vaults:4 | Reached skill level 16 in Charms
 59572 | Vaults:4 | Received a gift from Okawaru
 59597 | Vaults:4 | Got a distressingly furry crystal plate armour {god gift}
 59600 | Vaults:4 | Identified the +3 crystal plate armour of Henotheism {rF+ rN+++ rCorr Dex-2} (Okawaru gifted it to you on level 4 of the Vaults)
 60864 | Depths:1 | Entered Level 1 of the Depths
 60884 | Depths:1 | Found a gateway to a ziggurat.
 61699 | Depths:1 | Reached skill level 9 in Spellcasting
 61992 | Depths:1 | Reached XP level 22. HP: 143/181 MP: 29/34
 62056 | Depths:1 | Reached skill level 17 in Charms
 62263 | Depths:1 | Was placed under penance by Okawaru
 62509 | Depths:1 | HP: 37/181 [iron troll (21)]
 62517 | Depths:1 | HP: 45/181 [deep troll (6)]
 62984 | Depths:2 | Was forgiven by Okawaru
 63086 | Depths:2 | HP: 38/181 [deep troll earth mage (12)]
 63095 | Depths:2 | HP: 39/181 [something (1)]
 63127 | Depths:2 | HP: 38/181 [fire dragon/blast of flame (4)]
 63130 | Depths:2 | Received a gift from Okawaru
 63201 | Depths:2 | Reached skill level 10 in Spellcasting
 63723 | Depths:2 | Received a gift from Okawaru
 64066 | Depths:2 | Got a sparkling lead ring
 64068 | Depths:2 | Identified the ring "Wiant" {Str+3 Int+4 SInv} (You took it off a vampire knight on level 2 of the Depths)
 64219 | Depths:2 | Found a one-way gate to the infinite horrors of the Abyss.
 64323 | Depths:2 | Found Boazoac's Food Emporium.
 64363 | Depths:2 | Reached skill level 18 in Charms
 64602 | Depths:1 | HP: 26/181 [deep troll (20)]
 65887 | Depths:3 | Noticed a caustic shrike
 65892 | Depths:3 | Noticed a caustic shrike
 66365 | Depths:3 | HP: 45/180 [caustic shrike (15)]
 66366 | Depths:3 | Killed a caustic shrike
 66439 | Depths:3 | Noticed a caustic shrike
 66466 | Depths:3 | Killed a caustic shrike
 66654 | Depths:3 | Reached XP level 23. HP: 153/187 MP: 36/36
 66936 | Depths:3 | HP: 47/188 [deep troll earth mage (13)]
 66943 | Depths:3 | HP: 41/188 [deep troll earth mage (6)]
 66950 | Depths:2 | HP: 26/188 [deep troll earth mage (13)]
 66951 | Depths:2 | HP: 11/188 [deep troll earth mage (7)]
 66952 | Depths:2 | Slain by a deep troll earth mage

Action                   |  1- 3 |  4- 6 |  7- 9 | 10-12 | 13-15 | 16-18 | 19-21 | 22-24 || total
-------------------------+-------+-------+-------+-------+-------+-------+-------+-------++-------
Melee: Quarterstaff      |   132 |   275 |   724 |  1439 |   120 |       |       |       ||  2690
       Unarmed           |       |       |   114 |     2 |    42 |    10 |       |       ||   168
       Lajatang          |       |       |       |     7 |  1703 |  2363 |  2556 |   982 ||  7611
 Fire: Blowgun           |       |       |    48 |     8 |       |     2 |       |       ||    58
Throw: Stone             |       |     8 |    14 |    60 |    72 |    60 |     8 |       ||   222
       Throwing net      |       |       |     5 |       |       |       |       |       ||     5
 Cast: Regeneration      |       |       |       |       |       |    63 |   112 |    47 ||   222
       Repel Missiles    |       |       |       |       |       |     5 |    32 |     7 ||    44
       Flight            |       |       |       |       |       |     4 |    25 |     2 ||    31
       Vampiric Draining |       |       |       |       |       |       |    29 |    13 ||    42
       Blink             |       |       |       |       |       |       |     2 |     2 ||     4
Invok: Heroism           |       |       |     2 |     3 |     6 |    11 |     7 |     4 ||    33
       Finesse           |       |       |       |       |     6 |     9 |     7 |     5 ||    27
Evoke: Wand              |       |       |       |    11 |     6 |    10 |     9 |     5 ||    41
       Rod               |       |       |       |       |    27 |    75 |    41 |    16 ||   159
       Fan of gales      |       |       |       |       |     1 |     2 |     5 |     1 ||     9
       Phantom mirror    |       |       |       |       |     1 |       |       |       ||     1
       Phial of floods   |       |       |       |       |       |     2 |     3 |     2 ||     7
       Sack of spiders   |       |       |       |       |       |       |     6 |     1 ||     7
       Lamp of fire      |       |       |       |       |       |       |     3 |     2 ||     5
  Use: Scroll            |       |     5 |     6 |    20 |    11 |    25 |    21 |     4 ||    92
       Potion            |       |       |    11 |       |     7 |     8 |     7 |     6 ||    39
 Stab: Invisible         |       |       |       |     2 |       |     4 |       |       ||     6
  Eat: Chunk             |    15 |    22 |    68 |   105 |   170 |   241 |   180 |    75 ||   876
       Meat ration       |       |       |       |       |       |       |     4 |       ||     4

Vault maps used:
D:1:      sevenhm_arrival_forest_fort_large_3, serial_bayou_lagoon_a
D:2:      lemuel_round_altar, minmay_distorted
D:3:      first_bread, uniq_natasha
D:5:      nicolae_tso_besieged_by_evil, xom_redecorated, serial_shops,
          nicolae_shop_statue_plus, uniq_blork_the_orc, uniq_duvessa
D:6:      corexii_shantytown, pf_overflow_fires_of_destruction, led_sif_book,
          overflow_temple_1_default, gammafunk_temple_overflow_pools,
          minmay_temple_entry_junction, portal_sewer_entry_b
D:7:      nicolae_overflow_crystal_walls, enter_bailey_7, grunt_livestock,
          corexii_hall_statues_t, nemelex_diamond_rough_becter
D:8:      fountainhead
D:9:      lemuel_coloured_pillars_altar
D:10:     minmay_misc_feat_chi, serial_bayou_pond_b
D:11:     due_lair_maze_entry_diamond, david_orc_2, minmay_holes,
          minmay_hedge_maze
D:12:     serial_shops, kennysheep_mini
D:13:     david_vaults_2, nrook_guardian_serpent_ordinary
D:14:     fedhas_altar_fruit_tree, uniq_josephine
D:15:     grunt_enter_depths_hoard, minmay_crystal_room, uniq_kirke
Temple:   minmay_temple_bridge_b_8
Lair:1:   minivault_11, uniq_sonja
Lair:2:   grunt_megastairs_4
Lair:3:   elwin_shoals_entry_stream
Lair:4:   nicolae_spider_entry_orb_guardian, grunt_megastairs_2
Lair:5:   lemuel_fruit_tree, infiniplex_staircase_pool
Lair:6:   portal_ice_cave_entry_animals_and_master, grunt_megastairs_3
Lair:7:   nicolae_slime_entry_slimehenge, beast_lair_carwin_3,
          grunt_megastairs_1
Lair:8:   evil_forest, uniq_snorg
Shoals:2: serial_shops, nicolae_shop_statue_plus, uniq_frances, uniq_jorgrun
Shoals:5: shoals_end_hangedman, shoals_ilsuiw_alternative, uniq_polyphemus
Spider:1: uniq_donald, uniq_aizul, uniq_agnes
Spider:2: uniq_nikola, uniq_arachne
Spider:3: nicolae_spider_cling_halls
Spider:4: uniq_roxanne
Spider:5: spider_rune_water
Orc:1:    serial_shops, nicolae_shop_competitors_out_of_business
Orc:3:    serial_shops, shop_statue, shop, shop, shop, nicolae_orc_pool_cavern
Orc:4:    grunt_orc_community_town_hall, grunt_orc_community_big_house_2,
          grunt_orc_community_big_house_2, grunt_orc_community_house_3,
          grunt_orc_community_house_2, grunt_orc_community_house_1,
          grunt_orc_community_house_3, basic_altar, serial_shops, shop
Vaults:1: v_pattern_1, nicolae_vaults_yaktaur_gun_rack, hangedman_vaults_slice,
          ontoclasm_vaults_eye, hangedman_vaults_locks, v_misc_8,
          nicolae_vaults_display_case, nicolae_vaults_little_ls,
          nicolae_vaults_little_squares_3, vaults_dpeg_ring, mu_enter_wizlab_6,
          serial_shops, shop, uniq_norris
Vaults:2: minmay_crypt_entry_simple_round, st_cross, v_misc_29,
          nicolae_vaults_alarming, v_misc_1, vaults_mumra_chevron_long,
          vaults_standard_mumra_lines, v_alt_pattern_2,
          nicolae_vaults_diagonal_hallway_9, hangedman_vaults_cutoff,
          hangedman_vaults_corner_blocks, ontoclasm_vaults_loading_screen,
          serial_shops, nicolae_shop_window_shopping
Vaults:3: nicolae_vaults_big_ls, vaults_room_fours, vaults_room_pools,
          vaults_dpeg_hooks
Vaults:4: v_misc_27, vaults_mumra_minichess_inversion, hangedman_vaults_trim,
          st_lattice, v_misc_26, nicolae_vaults_puzzle_piece,
          vaults_dpeg_diagonal, grunt_vaults_twisty,
          nicolae_vaults_ring_of_whatevers, vaults_room_large_hall
Crypt:1:  uniq_mennas
Depths:1: enter_ziggurat_e, hangedman_decor_points, hell_entry,
          kennysheep_generic_room_7, serial_bayou_shore_a
Depths:2: evilmike_marble_ring, hell_entry, minmay_room_of_horrors,
          serial_shops, nicolae_shop_crystal, fountainhead
Depths:3: grunt_crosshair, hell_entry, trove_entry_hex_spiral,
          hangedman_abyss_or_decor_passed, pan_entry,
          infiniplex_staircase_spiral_double

Table legend:
 A = Turns spent in this place as a percentage of turns spent in the entire game.
 B = Non-inter-level travel turns spent in this place as a percentage of non-inter-level travel turns spent in the entire game.
 C = Inter-level travel turns spent in this place as a percentage of turns spent in this place.
 D = Turns resting spent in this place as a percentage of non-inter-level travel turns spent in this place.
 E = Turns spent auto-exploring this place as a percentage of non-inter-level travel turns spent in this place.
 F = Non-inter-level travel turns spent in this place divided by the number of levels of this place that you've seen.
                   A       B       C       D       E      F
               +-------+-------+-------+-------+-------+----------------------
         Total | 100.0 | 100.0 |   0.5 |   0.7 |   2.9 | 876.9
       Dungeon |  26.4 |  26.3 |   0.7 |   0.7 |   4.3 | 739.4
        Temple |   0.1 |   0.1 |   3.1 |   0.0 |  22.6 |  31.0
          Lair |  18.4 |  18.4 |   0.5 |   0.6 |   2.9 | 966.1
        Shoals |  10.2 |  10.3 |   0.2 |   0.2 |   1.6 | 863.8
   Spider Nest |  10.9 |  10.9 |   0.6 |   0.6 |   3.1 | 914.6
  Orcish Mines |   6.1 |   6.1 |   0.7 |   0.2 |   4.4 | 641.0
        Vaults |  14.7 |  14.8 |   0.3 |   0.3 |   1.5 | 1552.2
         Crypt |   1.3 |   1.3 |   0.0 |   5.1 |   0.4 | 275.0
        Depths |  11.6 |  11.6 |   0.2 |   1.1 |   2.0 | 1625.3
         Abyss |   0.4 |   0.4 |   0.0 |   2.6 |   0.0 | 151.0
               +-------+-------+-------+-------+-------+----------------------

Table legend:
 A = Kills in this place as a percentage of kills in entire the game.
 B = Kills by you in this place as a percentage of kills by you in the entire game.
 C = Kills by friends in this place as a percentage of kills by friends in the entire game.
 D = Other kills in this place as a percentage of other kills in the entire game.
 E = Experience gained in this place as a percentage of experience gained in the entire game.
 F = Experience gained in this place divided by the number of levels of this place that you have seen.
                   A       B       C       D       E      F
               +-------+-------+-------+-------+-------+----------------------
         Total | 100.0 | 100.0 | 100.0 | 100.0 | 100.0 | 13967.0
       Dungeon |  25.0 |  25.4 |   0.0 |   0.0 |   8.9 | 3972.1
          Lair |  15.7 |  15.8 |   6.9 |  16.7 |   9.6 | 8018.8
        Shoals |   8.3 |   8.0 |  31.0 |   0.0 |  14.0 | 18832.6
   Spider Nest |  10.5 |  10.3 |  24.1 |   0.0 |  13.8 | 18489.2
  Orcish Mines |  11.4 |  11.4 |  17.2 |   0.0 |   2.1 | 3491.0
        Vaults |  17.7 |  17.5 |  20.7 |  83.3 |  28.3 | 47410.0
         Crypt |   0.6 |   0.6 |   0.0 |   0.0 |   0.8 | 2733.0
        Depths |  10.6 |  10.8 |   0.0 |   0.0 |  22.4 | 50052.3
         Abyss |   0.1 |   0.1 |   0.0 |   0.0 |   0.1 | 846.0
               +-------+-------+-------+-------+-------+----------------------
